 Dungeon Crawl Stone Soup version 0.25-a0-317-g5f8687b (webtiles) character file.

Game seed: 493135091763449509, levelgen mode: deterministic

436 Balder the Skirmisher (level 6, 0/52 HPs)
             Began as a Centaur Fighter on Dec 24, 2019.
             Was a Follower of Okawaru.
             Slain by an orc warrior
             ... wielding a +0 glaive
              (17 damage)
             ... on level 4 of the Dungeon on Dec 26, 2019.
             The game lasted 00:14:12 (3504 turns).

Balder the Skirmisher (Centaur Fighter)             Turns: 3504, Time: 00:14:12

Health: 0/52       AC: 11    Str: 23    XL:     6   Next: 68%
Magic:  12/16      EV:  3    Int:  7    God:    Okawaru [*.....]
Gold:   167        SH:  9    Dex: 11    Spells: 5/5 levels left

rFire    . . .     SeeInvis .   a - +0 trident
rCold    . . .     Gourm    .   c - +0 shield
rNeg     . . .     Faith    .   z - +0 chain mail
rPois    .         Spirit   .   (no helmet)
rElec    .         Reflect  .   (no cloak)
rCorr    .         Harm     .   s - +2 pair of gloves
MR       .....                  (no barding)
Stlth    ..........             (no amulet)
HPRegen  0.17/turn              o - ring of magical power
MPRegen  0.15/turn              (no ring)

@: mighty, slowed
A: large, hooves 3, deformed body, speed 2, tough skin 3
a: Heroism, Renounce Religion


You were on level 4 of the Dungeon.
You worshipped Okawaru.
Okawaru was aware of your devotion.
You were not hungry.

You visited 1 branch of the dungeon, and saw 4 of its levels.

You collected 167 gold pieces.

Inventory:

Hand Weapons
 a - a +0 trident (weapon)
 b - a +0 hunting sling
Missiles
 j - 3 boomerangs (quivered)
 n - 87 stones
Armour
 c - a +0 shield (worn)
 m - a +0 scale mail
 s - a +2 pair of gloves (worn)
 z - a +0 chain mail (worn)
Jewellery
 o - a ring of magical power (left hand)
Scrolls
 h - a scroll of amnesia {unknown}
 l - a scroll of noise {unknown}
 q - 2 scrolls of immolation {unknown}
 w - 2 scrolls of identify {unknown}
 y - a scroll of magic mapping {unknown}
Potions
 d - a potion of might
 g - 3 potions of mutation {unknown}
 k - a potion of brilliance {unknown}
 p - 3 potions of curing {unknown}
 t - 2 potions of invisibility {unknown}
 u - a potion of magic {unknown}
 v - 2 potions of flight {unknown}
 A - a potion of haste {unknown}
 B - a potion of heal wounds {unknown}
Comestibles
 f - 3 rations
 x - 8 chunks of flesh


   Skills:
 * Level 4.0 Fighting
 * Level 3.7 Polearms
 * Level 2.4(2.7) Slings
 * Level 1.6(2.3) Throwing
 + Level 2.9 Armour
 + Level 0.1 Dodging
 + Level 2.8 Shields
 * Level 1.8 Invocations


You had 5 spell levels left.
You didn't know any spells.
Your spell library was empty.

Dungeon Overview and Level Annotations

Branches:
Dungeon (4/15)
 Temple: D:4-7

Altars:
Hepliaklqana
Okawaru


Innate Abilities, Weirdness & Mutations

You have hooves in place of feet.
Armour fits poorly on your strangely shaped body.
You cover ground very quickly.
You have extremely tough skin. (AC +3)


Message History

You kick the orc wizard, but do no damage.
You block the orc wizard's attack. The orc wizard casts a spell at you.
You feel as though you will be slow longer.
The orc warrior hits you from afar with a +0 glaive.
The orc wizard gestures at you while chanting.
The magic dart hits you but does no damage.
You block the orc warrior's attack.
Okay, then.
You feel very mighty all of a sudden.
The orc wizard gestures at you while chanting.
The magic dart hits you!
The orc wizard hits you with a +0 dagger.
You block the orc warrior's attack.
The orc wizard hits you but does no damage.
You completely miss the orc wizard. You kick the orc wizard!
The orc wizard is severely wounded.
The orc wizard hits you but does no damage.
The orc warrior hits you from afar with a +0 glaive!
You die...

######.#...)...#.#
....[......)..##.#
+########'.......#.#
#........#.......#.#
#.+####'.#.......#.#
#....#.#......##..
#.##.#.#.#>.?####.
#.##.#.#.##### .
#@...#.#.#
#.o####+.#.# #.o
..#.# +## #'..


You could see an orc warrior and an orc wizard.

Vanquished Creatures
  An ogre (D:3)
  An orc priest (D:2)
  3 orc wizards
  4 gnolls (D:2)
  7 adders
  5 worms
  4 dart slugs
  2 leopard geckos (D:3)
  12 orcs
  A ball python (D:3)
  4 giant cockroaches
  5 goblins
  3 hobgoblins
  12 jackals
  5 bats
  2 frilled lizards (D:1)
  10 kobolds
  6 rats
87 creatures vanquished.

Vanquished Creatures (others)
  An orc wizard (D:3)
1 creature vanquished.

Grand Total: 88 creatures vanquished

Notes
Turn   | Place    | Note
-------+----------+-------------------------------------------
     0 | D:1      | Balder the Centaur Fighter began the quest for the Orb.
     0 | D:1      | Reached XP level 1. HP: 19/19 MP: 1/1
   118 | D:1      | Reached XP level 2. HP: 21/26 MP: 2/2
   935 | D:2      | Reached XP level 3. HP: 25/31 MP: 3/3
  1418 | D:2      | Found a hazy altar of Hepliaklqana.
  1418 | D:2      | Found an iron altar of Okawaru.
  1428 | D:2      | Became a worshipper of Warmaster Okawaru
  1430 | D:2      | Upgraded the game from 0.25-a0-316-gd28d56f to
                  | 0.25-a0-317-g5f8687b
  1539 | D:2      | Reached XP level 4. HP: 36/40 MP: 4/4
  1566 | D:2      | Reached skill level 1 in Throwing
  1887 | D:2      | Reached skill level 1 in Slings
  1887 | D:2      | Reached XP level 5. HP: 37/46 MP: 5/5
  1910 | D:2      | Reached skill level 1 in Invocations
  2346 | D:3      | Noticed an ogre
  2355 | D:3      | Killed an ogre
  2355 | D:3      | Reached * piety under Okawaru
  2355 | D:3      | Reached XP level 6. HP: 26/52 MP: 5/7
  2938 | D:3      | Reached skill level 4 in Fighting
  3499 | D:4      | Noticed an orc warrior
  3504 | D:4      | Slain by an orc warrior

Levels and vault maps discovered:
D:1:      zaba_arrival_water, layout_basic, minmay_pentomino_z4
D:2:      wad_pebble_path, layout_basic, gammafunk_temple_overflow_pools,
          minmay_randomly_rotated_circles
D:3:      layout_basic
D:4:      layout_rooms, minmay_temple_entry_mini_moons, minivault_11

Skill      XL: |  1  2  3  4  5  6 |
---------------+-------------------+-----
Polearms       | 2 3 |  3.7
Throwing       | 1 |  1.6
Slings         | 1 2 |  2.4
Invocations    | 1 |  1.8
Fighting       | 4 |  4.0
Armour         | |  2.9
Dodging        | |  0.1
Shields        | |  2.8

Action                   |  1- 3 |  4- 6 || total
-------------------------+-------+-------++-------
Melee: Trident           |    95 |   202 ||   297
       Kick              |    21 |    53 ||    74
 Fire: Hunting sling     |    14 |    24 ||    38
Throw: Boomerang         |       |     4 ||     4
  Use: Scroll            |       |     3 ||     3
       Potion            |       |     1 ||     1
  Eat: Chunk             |     1 |     6 ||     7
Armor: Scale mail        |    37 |    69 ||   106
       Chain mail        |       |    15 ||    15
Dodge: Dodged            |    18 |    40 ||    58
Block: Shield            |    41 |    90 ||   131

Table legend:
 A = Non-vault XP
 B = Vault XP
 C = Vault XP percentage of total XP
 D = Non-vault monster count
 E = Vault monster count
 F = Vault count percentage of total count
                 A         B        C        D         E       F
            +---------+---------+-------+---------+---------+-------
      Total |     604 |      19 |   3.0 |      80 |       8 |   9.1
            +---------+---------+-------+---------+---------+-------
        D:1 |      35 |       4 |  10.3 |      18 |       2 |  10.0
        D:2 |     179 |      15 |   7.7 |      21 |       6 |  22.2
        D:3 |     350 |       0 |   0.0 |      35 |       0 |   0.0
        D:4 |      40 |       0 |   0.0 |       6 |       0 |   0.0
            +---------+---------+-------+---------+---------+-------
